 Dungeon Crawl Stone Soup version 0.21-a0-233-g0929f2e (webtiles) character file.

177 JackS81 the Grave Robber (level 5, -3/45 HPs)
             Began as a Troll Necromancer on Sept 2, 2017.
             Slain by a killer bee (5 damage)
             ... on level 3 of the Dungeon.
             The game lasted 00:07:47 (1708 turns).

JackS81 the Grave Robber (Troll Necromancer)        Turns: 1708, Time: 00:07:47

Health: -3/45      AC:  5    Str: 14 (16) XL:     5   Next: 31%
Magic:  5/5        EV:  9    Int:  9 (12) God:
Gold:   54         SH:  0    Dex:  8 (10) Spells: 5/6 levels left

rFire    + . .     SeeInvis .     - Unarmed
rCold    + . .     Gourm    +   (no shield)
rNeg     . . .     Faith    .   a - +0 robe
rPois    +         Spirit   .   (helmet restricted)
rElec    +         Reflect  .   (no cloak)
rCorr    +         Harm     .   (gloves unavailable)
MR       +....                  (boots unavailable)
Stlth    +.........             (no amulet)
HPRegen  0.55/turn              l - ring of protection from magic
MPRegen  0.09/turn              (no ring)

@: lethally poisoned (-3 -> -4), about to teleport, resistant
A: unfitting armour, claws 3, fast metabolism 3, gourmand, regeneration 1,
shaggy fur 1, tough skin 2
a: no special abilities


You were on level 3 of the Dungeon.
You were very full.

You visited 1 branch of the dungeon, and saw 3 of its levels.

You collected 54 gold pieces.

Inventory:

Hand Weapons
 d - a +0 whip of freezing
Missiles
 g - 5 tomahawks (quivered)
Armour
 a - a +0 robe (worn)
Jewellery
 l - a ring of protection from magic (left claw)
Scrolls
 e - a scroll of enchant armour {unknown}
Books
 b - a book of Necromancy

   Spells                             Type                      Level
   a - Pain                           Necromancy                   1
   b - Animate Skeleton               Necromancy                   1
   c - Vampiric Draining              Necromancy                   3
   d - Regeneration                   Charms/Necromancy            3
   e - Animate Dead                   Necromancy                   4
   f - Control Undead                 Necromancy                   4
Comestibles
 c - 3 bread rations
 i - a meat ration
 j - 2 chunks of flesh
 k - a royal jelly


   Skills:
 - Level 1.5 Dodging
 - Level 1.0 Stealth
 * Level 3.6 Unarmed Combat
 - Level 1.2 Spellcasting
 * Level 4.4 Necromancy


You had 5 spell levels left.
You knew the following spells:

 Your Spells              Type           Power        Failure   Level  Hunger
a - Pain                  Necr           #...         6%          1    ##.....


Dungeon Overview and Level Annotations

Branches:
Dungeon (3/15)

Altars:

Annotations:
D:2 Natasha


Innate Abilities, Weirdness & Mutations

You are too large for most types of armour.
You have claws for hands.
Your metabolism is lightning-fast.
You like to eat raw meat.
Your natural rate of healing is unusually fast.
You are covered in fur. (AC +1)
You have very tough skin. (AC +2)


Message History

Your magical effects are unravelling.
You feel magically purged.
You float gracefully downwards.
The killer bee barely misses you. The killer bee stings you.
You are more poisoned.
The killer bee poisons you!
It was a potion of magic.
Magic courses through your body.
You feel sick. The killer bee stings you. The killer bee stings you!
* * * LOW HITPOINT WARNING * * *
It was a potion of resistance.
You feel protected.
You feel sick.
The killer bee buzzes angrily.
The killer bee completely misses you. The killer bee closely misses you.
As you read the scroll of teleportation, it crumbles to dust.
You feel strangely unstable.
You feel sick. The killer bee stings you!
* * * LOW HITPOINT WARNING * * *
The killer bee stings you but does no damage.
* * * LOW HITPOINT WARNING * * *
You feel sick. The killer bee stings you.
You die...

## ## #.#
##.###... ..#
##.....y..
#.###yy###....
#.#.### #
####y####
#....@..#
#..<....#
#.......#
#...)...#
#.......#
#.......#
#.......#
#########


You could see a killer bee.

Vanquished Creatures
  2 killer bees (D:3)
  Natasha (D:2)
  An adder (D:2)
  2 worms (D:2)
  3 dart slugs
  2 giant cockroaches (D:1)
  5 goblins
  5 hobgoblins
  3 jackals (D:2)
  A quokka (D:2)
  2 ball pythons
  4 bats
  4 frilled lizards
  3 kobolds
  7 rats
45 creatures vanquished.

Notes
Turn   | Place    | Note
-------+----------+-------------------------------------------
     0 | D:1      | JackS81 the Troll Necromancer began the quest for the Orb.
     0 | D:1      | Reached XP level 1. HP: 16/16 MP: 1/1
   185 | D:1      | Reached XP level 2. HP: 16/24 MP: 2/2
   535 | D:1      | Reached skill level 1 in Unarmed Combat
  1004 | D:2      | Reached XP level 3. HP: 16/31 MP: 3/3
  1115 | D:2      | Reached skill level 4 in Necromancy
  1362 | D:2      | Noticed Natasha
  1376 | D:2      | Killed Natasha
  1376 | D:2      | Reached XP level 4. HP: 7/39 MP: 0/4
  1394 | D:2      | Noticed Natasha
  1698 | D:3      | Reached XP level 5. HP: 28/45 MP: 5/5
  1707 | D:3      | HP: 2/45 [killer bee (7)]
  1708 | D:3      | Slain by a killer bee

Vault maps used:
D:1:      minmay_arrival_cross
D:2:      first_bread, uniq_natasha
D:3:      nicolae_overflow_crystal_walls, fedhas_altar_fruit_tree, uniq_sigmund

Skill      XL: |  1  2  3  4 |
---------------+-------------+-----
Unarmed Combat | 1 2 3 |  3.6
Necromancy     | 4 |  4.4
Dodging        | |  1.5
Stealth        | |  1.0
Spellcasting   | |  1.2

Action                   |  1- 3 |  4- 6 || total
-------------------------+-------+-------++-------
Melee: Unarmed           |   108 |    31 ||   139
       Punch             |     1 |       ||     1
 Cast: Pain              |     7 |     1 ||     8
  Use: Scroll            |     1 |     1 ||     2
       Potion            |       |     5 ||     5
 Stab: Sleeping          |     1 |       ||     1
  Eat: Chunk             |    18 |     3 ||    21
Armor: Robe              |    40 |     9 ||    49
Dodge: Dodged            |    68 |    20 ||    88

Table legend:
 A = Spawn XP
 B = Non-spawn XP
 C = Spawn XP percentage of total XP
 D = Spawn monster count
 E = Non-spawn monster count
 F = Spawn count percentage of total count
 G = Total turns spent on level
                    A         B        C        D         E        F      G
               +---------+---------+-------+---------+---------+-------+---------
         Total |       8 |     246 |   3.1 |       3 |      42 |   6.7 |  1708
               +---------+---------+-------+---------+---------+-------+---------
           D:1 |       2 |      33 |   5.7 |       1 |      19 |   5.0 |   965
           D:2 |       6 |      82 |   6.8 |       2 |      20 |   9.1 |   700
           D:3 |       0 |     131 |   0.0 |       0 |       3 |   0.0 |    43
               +---------+---------+-------+---------+---------+-------+---------
